 Dungeon Crawl Stone Soup version 0.28.0-53-g5a82cb258f (webtiles) character file.

Game seed: 8611553760848963233

2 safid the Digger (level 1, 0/10 HPs)
             Began as a Gargoyle Earth Elementalist on Aug 28, 2022.
             Slain by a ball python (3 damage)
             ... on level 1 of the Dungeon.
             The game lasted 00:01:10 (48 turns).

safid the Digger (Gargoyle Earth Elementalist)        Turns: 48, Time: 00:01:11

Health: 0/10       AC:  4    Str: 11    XL:     1   Next: 30%
Magic:  0/3        EV:  9    Int: 15    God:
Gold:   0          SH:  0    Dex: 10    Spells: 3/4 levels left

rFire   . . .      SeeInvis .   (no weapon)
rCold   . . .      Faith    .   (no shield)
rNeg    + . .      Spirit   .   b - +0 robe
rPois   ∞          Reflect  .   (no helmet)
rElec   +          Harm     .   (no cloak)
rCorr   .          Rampage  .   (no gloves)
Will    .....                   (no boots)
Stlth   ++........              (no amulet)
HPRegen 0.03/turn               (no ring)
MPRegen 0.08/turn               (no ring)

@: constricted
A: sickness immunity, AC +2, negative energy resistance 1, electricity
resistance, torment resistance 1, petrification resistance
a: no special abilities


You were on level 1 of the Dungeon.
You visited 1 branch of the dungeon, and saw 2 of its levels.

Inventory:

Missiles
 c - 25 stones
Armour
 b - a +0 robe (worn)


   Skills:
 + Level 0.1 Fighting
 + Level 1.6 Dodging
 - Level 2.1 Stealth
 + Level 2.0 Spellcasting
 + Level 0.8 Transmutations
 + Level 3.6 Earth Magic


You had 3 spell levels left.
You knew the following spells:

 Your Spells              Type           Power      Damage    Failure   Level
a - Sandblast             Erth           24%        2d8       4%          1

Your spell library contained the following spells:

 Spells                   Type           Power      Damage    Failure   Level
 Passwall                 Tmut/Erth      6%         N/A       14%         2
 Stone Arrow              Conj/Erth      14%        3d7       30%         3
 Petrify                  Tmut/Erth      8%         N/A       65%         4


Dungeon Overview and Level Annotations

Branches:
Dungeon (2/15)

Altars:


Innate Abilities, Weirdness & Mutations

You are immune to sickness and miasma.
Your stone body is resilient. (AC +2)
You are immune to poison.
You resist negative energy. (rN+)
You are resistant to electric shocks. (rElec)
You are resistant to unholy torment.
You are immune to petrification.


Message History

The giant cockroach is heavily wounded.
The ball python closely misses you. x2; The giant cockroach bites you.
You barely miss the giant cockroach.
The giant cockroach is heavily wounded.
The ball python barely misses you. x2; The giant cockroach barely misses you.
The ball python bites you but does no damage.
The ball python barely misses you.
You hit the giant cockroach but do no damage.
The giant cockroach is heavily wounded.
The giant cockroach bites you.
The ball python bites you but does no damage.
The ball python grabs you. The ball python constricts you.
Unknown command.
You barely miss the giant cockroach.
The giant cockroach is heavily wounded.
The giant cockroach barely misses you.
The ball python bites you but does no damage.
The ball python constricts you.
You escape the ball python's grasp.
The giant cockroach closely misses you. The giant cockroach misses you.
The ball python closely misses you. The ball python misses you.
Casting: Sandblast (safe; 4% risk of failure)
Confirm with . or Enter, or press ? or * to list all spells.
Aiming: Sandblast (safe; 4% risk of failure)
Press: ? - help, Shift-Dir - straight line, f/p - giant cockroach
Aim: a giant cockroach (moderately wounded, 79% to hit)
The blast of sand misses the ball python.
The blast of sand hits the giant cockroach but does no damage.
The giant cockroach is moderately wounded.
The ball python bites you but does no damage.
The ball python barely misses you.
Casting: Sandblast (safe; 4% risk of failure)
Confirm with . or Enter, or press ? or * to list all spells.
You don't have enough magic to cast this spell.
Unknown command.
You barely miss the ball python. The ball python bites you.
The ball python grabs you. The ball python constricts you.
* * * LOW HITPOINT WARNING * * *
You barely miss the ball python. The ball python bites you.
You die...

#############
##...........#
####........##..######
......:..#.....>..S..
#..#......#..######
#.@SB........#
#.##....(....# #.
#.###.##.## #.
#........# #.
......#### ########+#


You could see a giant cockroach and a ball python.

Vanquished Creatures
  A hobgoblin (D:2)
  A rat (D:2)
2 creatures vanquished.

Notes
Turn   | Place    | Note
-------+----------+-------------------------------------------
     0 | D:1      | safid the Gargoyle Earth Elementalist began the quest for
                  | the Orb.
     0 | D:1      | Reached XP level 1. HP: 10/10 MP: 3/3
     9 | D:1      | You fall into a shaft and drop 1 floor!
    48 | D:1      | Slain by a ball python

Illustrated notes

Levels and vault maps discovered:
D:1:      heliophobic_arrival_henge, layout_loops_corners,
          shapermc_ecumenical_altar_mp_urbaneastern, minmay_pentomino_s2
D:2:      layout_basic

Action                   || total
-------------------------++-------
Melee: Unarmed           ||     9
 Cast: Sandblast         ||     5
Armor: Robe              ||     7
Dodge: Dodged            ||    15
